 Dungeon Crawl Stone Soup version 0.31-a0-202-g547052bce9 (webtiles) character file.

Game seed: 9203325838674499508

66 qw the Shooter (level 3, -1/20 HPs)
             Began as a Deep Elf Hunter on June 26, 2023.
             Slain by Grinder (4 damage)
             ... on level 3 of the Dungeon.
             The game lasted 00:00:40 (2074 turns).

qw the Shooter (Deep Elf Hunter)                    Turns: 2074, Time: 00:00:41

Health: -1/20      AC:  5    Str: 10    XL:     3   Next: 96%
Magic:  5/5        EV: 11    Int: 13    God:
Gold:   91         SH:  0    Dex: 18    Spells: 2/2 levels left

rFire   . . .        Y - +0 shortbow
rCold   . . .        (shield currently unavailable)
rNeg    . . .        i - +0 ring mail
rPois   .            (no helmet)
rElec   .            (no cloak)
rCorr   .            (no gloves)
SInv    .            (no boots)
Will    +....        (no amulet)
Stlth   +            f - ring of willpower
HPRegen 0.23/turn    (no ring)
MPRegen 0.09/turn

%: no passive effects
@: no status effects
A: no striking features
a: no special abilities


You were on level 3 of the Dungeon.
You visited 1 branch of the dungeon, and saw 3 of its levels.

You collected 91 gold pieces.


   Skills:
 - Level 1.5 Fighting
 + Level 7.4 Ranged Weapons
 - Level 2.4 Dodging
 - Level 1.2 Stealth


You had 2 spell levels left.
You didn't know any spells.
Your spell library was empty.

Inventory:

Hand Weapons
 Y - a +0 shortbow (weapon)
Armour
 i - a +0 ring mail (worn)
Jewellery
 f - a ring of willpower (left hand)
Scrolls
 a - 3 scrolls of identify
 b - a scroll of blinking {unknown}
Potions
 e - 2 potions of curing
 j - a potion of mutation

Dungeon Overview and Level Annotations

Branches:
Dungeon (3/15)

Altars:
Ashenzari
Dithmenos
Kikubaaqudgha
Nemelex Xobeh
Xom
The Shining One

Annotations:
D:3 Grinder


Message History

Press < or > to pray at altars.
You shoot an arrow. The arrow barely misses Grinder.
You shoot an arrow. The arrow barely misses Grinder.
You shoot an arrow. The arrow closely misses Grinder.
Grinder blinks!
You shoot an arrow. The arrow hits Grinder.
Grinder is lightly wounded.
Grinder misses you. Grinder gestures at you. Pain shoots through your body!
You shoot an arrow. The arrow hits Grinder.
Grinder is lightly wounded.
Grinder hits you.
You writhe in agony.
You shoot an arrow. The arrow closely misses Grinder.
Grinder barely misses you.
You shoot an arrow. The arrow hits Grinder!
Grinder is moderately wounded.
Grinder blinks!
You shoot an arrow. The arrow barely misses Grinder.
You shoot an arrow. The arrow closely misses Grinder.
Grinder says, "Are you a fish?"
You shoot an arrow. The arrow hits Grinder.
Grinder is heavily wounded.
Grinder gestures at you.
You easily resist.
You shoot an arrow. The arrow hits Grinder.
Grinder is heavily wounded.
Grinder blinks!
You shoot an arrow. The arrow hits Grinder.
Grinder is heavily wounded.
Grinder blinks!
You shoot an arrow.
The arrow hits Grinder but does no damage.
Grinder is heavily wounded.
You shoot an arrow. The arrow closely misses Grinder.
You shoot an arrow.
The arrow hits Grinder but does no damage.
Grinder is heavily wounded.
Grinder hits you.
You writhe in agony.
You die...

###########
#####.........#
........._(...#######
...[..5@............#
.............)####.##
......_..8.._.# #.#
..............# #.#
..........._.## #.#
........._...# #.#
.............# #.#
.............# #.#
............# #.#


You could see Grinder.

Vanquished Creatures
  An adder (D:2)
  A dart slug (D:1)
  6 ball pythons
  4 bats
  5 endoplasms
  A giant cockroach (D:1)
  4 goblins
  4 hobgoblins
  2 jackals (D:2)
  4 kobolds
  4 quokkas
  6 frilled lizards
  7 rats
  A spectral hobgoblin (D:1)
50 creatures vanquished.

Notes
Turn   | Place    | Note
-------+----------+-------------------------------------------
     0 | D:1      | qw the Deep Elf Hunter began the quest for the Orb.
     0 | D:1      | Reached XP level 1. HP: 12/12 MP: 3/3
     0 | D:1      | 0 ||| qw: Version: 0.3-a-22-g0ed2b0b
     0 | D:1      | 0 ||| qw: Game counter: 5951
     0 | D:1      | 0 ||| qw: Melee chars always use a shield: true
     0 | D:1      | 0 ||| qw: God list: Okawaru
     0 | D:1      | 0 ||| qw: Allow faded altars: false
     0 | D:1      | 0 ||| qw: Do Orc after clearing Dungeon:15 true
     0 | D:1      | 0 ||| qw: Do second Lair branch before Depths: true
     0 | D:1      | 0 ||| qw: Lair rune preference: random
     0 | D:1      | 0 ||| qw: Goals: Normal
     0 | D:1      | 0 ||| PLANNING D:1-11
   208 | D:1      | Found a faded altar of an unknown god.
   223 | D:1      | 223 ||| Stepping ~*~*~tactically~*~*~ (water).
   334 | D:1      | Reached skill level 6 in Ranged Weapons
   334 | D:1      | Reached XP level 2. HP: 16/16 MP: 4/4
   859 | D:1      | 859 ||| UPGRADING to +0 ring mail.
   869 | D:1      | 869 ||| DROPPING +0 leather armour.
   870 | D:1      | 870 ||| UPGRADING to ring of willpower.
   871 | D:1      | 871 ||| READING 3 scrolls labelled OMOOCE METOENA.
   872 | D:1      | 872 ||| READING 3 scrolls labelled AROCOZ KEBBIB.
   873 | D:1      | 873 ||| READING scroll labelled QOM LYOBRUS.
   874 | D:1      | 874 ||| DRINKING 2 coppery potions.
   875 | D:1      | 875 ||| READING 2 scrolls of identify.
   875 | D:1      | 875 ||| IDENTIFYING sedimented inky potion
   876 | D:1      | 876 ||| DROPPING scroll of butterflies.
   877 | D:1      | 877 ||| DROPPING 2 scrolls of poison.
   878 | D:1      | HP: 3/16 [poisoned by you (poison gas)]
   879 | D:1      | 879 ||| Stepping ~*~*~tactically~*~*~ (cloud).
   880 | D:1      | 880 ||| DRINKING potion of curing.
   880 | D:1      | 880 ||| (to cure poison)
   959 | D:2      | Reached XP level 3. HP: 20/20 MP: 5/5
  1177 | D:2      | Reached skill level 7 in Ranged Weapons
  1711 | D:2      | 1711 ||| READING scroll labelled ENICUA NACE.
  1712 | D:2      | 1712 ||| READING scroll labelled DER GOCREGAJ.
  1713 | D:2      | 1713 ||| READING 3 scrolls of identify.
  1713 | D:2      | 1713 ||| IDENTIFYING clear potion
  1714 | D:2      | 1714 ||| DROPPING potion of invisibility.
  1757 | D:3      | Identified the +5 rapier of the Ancients {flame, MP+9
                  | Str+5}
  2020 | D:3      | Found a broken altar of Ashenzari.
  2021 | D:3      | Found an ancient bone altar of Kikubaaqudgha.
  2026 | D:3      | Found a shimmering altar of Xom.
  2026 | D:3      | Found a glowing golden altar of the Shining One.
  2029 | D:3      | Found a sparkling altar of Nemelex Xobeh.
  2030 | D:3      | Found a shadowy altar of Dithmenos.
  2059 | D:3      | Noticed Grinder
  2064 | D:3      | HP: 5/20 [Grinder (1)]
  2074 | D:3      | HP: 3/20 [Grinder (5)]
  2074 | D:3      | Slain by Grinder

Levels and vault maps discovered:
D:1:      heliophobic_arrival_enchanted_forest, layout_basic,
          dreamdust_ecumenical_altar_drowned_temple, hex_intersection
D:2:      layout_basic
D:3:      layout_basic, grunt_temple_overflow_open, lemuel_round_altar,
          uniq_grinder

Skill      XL: |  1  2  3 |
---------------+----------+-----
Ranged Weapons | 6 7 |  7.4
Fighting       | |  1.5
Dodging        | |  2.4
Stealth        | |  1.2

Action                     || total
---------------------------++-------
   Fire: Shortbow          ||   130
    Use: Scroll            ||     7
         Potion            ||     2
 Armour: Leather armour    ||    11
         Ring mail         ||     1
  Dodge: Dodged            ||    18

Table legend:
 A = Non-vault XP
 B = Vault XP
 C = Vault XP percentage of total XP
 D = Non-vault monster count
 E = Vault monster count
 F = Vault count percentage of total count
                 A         B        C        D         E       F
            +---------+---------+-------+---------+---------+-------
      Total |      94 |       1 |   1.1 |      49 |       1 |   2.0
            +---------+---------+-------+---------+---------+-------
        D:1 |      35 |       1 |   2.8 |      20 |       1 |   4.8
        D:2 |      45 |       0 |   0.0 |      21 |       0 |   0.0
        D:3 |      14 |       0 |   0.0 |       8 |       0 |   0.0
            +---------+---------+-------+---------+---------+-------
